 Dungeon Crawl Stone Soup version 0.23.1 (webtiles) character file.

Game seed: 11520895508818264178

87 LostNumber the Firebug (level 4, -7/34 HPs)
             Began as a Demigod Fire Elementalist on Mar 12, 2019.
             Mangled by Sigmund
             ... wielding a +1 scythe of protection
              (11 damage)
             ... on level 2 of the Dungeon.
             The game lasted 00:02:40 (1518 turns).

LostNumber the Firebug (Demigod Fire Elementalist)  Turns: 1518, Time: 00:02:41

Health: -7/34      AC:  2    Str: 11    XL:     4   Next: 7%
Magic:  1/9        EV: 13    Int: 21    God:
Gold:   61         SH:  0    Dex: 16    Spells: 1/7 levels left

rFire    . . .     SeeInvis .   g - +0 spear
rCold    . . .     Gourm    .   (no shield)
rNeg     . . .     Faith    .   a - +0 robe
rPois    .         Spirit   .   (no helmet)
rElec    .         Reflect  .   (no cloak)
rCorr    .         Harm     .   (no gloves)
MR       .....                  (no boots)
Stlth    ++........             (no amulet)
HPRegen  0.11/turn              (no ring)
MPRegen  0.11/turn              (no ring)

@: no status effects
A: high mp 1
a: no special abilities


You were on level 2 of the Dungeon.
You were hungry.

You visited 1 branch of the dungeon, and saw 2 of its levels.

You collected 61 gold pieces.

Inventory:

Hand Weapons
 g - a +0 spear (weapon)
   (You found it on level 1 of the Dungeon)
Armour
 a - a +0 robe (worn)
 l - a +0 pair of gloves
   (You found it on level 2 of the Dungeon)
Scrolls
 f - a scroll of amnesia {unknown}
 i - 2 scrolls of fear {unknown}
 j - a scroll of magic mapping {unknown}
 m - 2 scrolls of identify {unknown}
 n - a scroll of remove curse {unknown}
Potions
 b - a potion of flight {unknown}
 d - a potion of agility {unknown}
 h - a potion of curing {@q1}
Comestibles
 e - 2 rations {!d}
 k - 3 chunks of flesh


   Skills:
 + Level 0.9 Fighting
 + Level 2.2 Dodging
 - Level 1.7 Stealth
 + Level 2.1 Spellcasting
 * Level 2.1 Conjurations
 * Level 3.4 Fire Magic


You had one spell level left.
You knew the following spells:

 Your Spells              Type           Power        Failure   Level  Hunger
a - Flame Tongue          Conj/Fire      ##...        4%          1    #......
d - Conjure Flame         Conj/Fire      ##......     14%         3    ###....
x - Throw Flame           Conj/Fire      ##....       7%          2    ##.....

Your spell library contained the following spells:

 Spells                   Type           Power        Failure   Level  Hunger
 Inner Flame              Hex/Fire       #.......     22%         3    ###....
 Sticky Flame             Conj/Fire      ##......     43%         4    #####..
 Fireball                 Conj/Fire      ##........   78%         5    ######.


Dungeon Overview and Level Annotations

Branches:
Dungeon (2/15)

Annotations:
D:2 Sigmund


Innate Abilities, Weirdness & Mutations

You have an increased reservoir of magic. (+10% MP)


Message History

You can't see any susceptible monsters within range! (Use Z to cast anyway.)
Aim: Sigmund, wielding a +1 scythe of protection and wearing a +0 robe (resting)
The flame tongue hits Sigmund!
Sigmund shouts!
Aim: Sigmund, wielding a +1 scythe of protection and wearing a +0 robe (moderately wounded)
The flame tongue hits Sigmund.
Sigmund barely misses you.
Aim: Sigmund, wielding a +1 scythe of protection and wearing a +0 robe (moderately wounded)
The flame tongue hits Sigmund.
Sigmund barely misses you.
Aim: Sigmund, wielding a +1 scythe of protection and wearing a +0 robe (heavily wounded)
The flame tongue misses Sigmund.
Aim: Sigmund, wielding a +1 scythe of protection and wearing a +0 robe (heavily wounded)
The flame tongue hits Sigmund!
Sigmund hits you from afar with a +1 scythe of protection.
Aim: Sigmund, wielding a +1 scythe of protection and wearing a +0 robe (severely wounded)
The flame tongue hits Sigmund.
Sigmund misses you.
Aim: Sigmund, wielding a +1 scythe of protection and wearing a +0 robe (almost dead)
The flame tongue hits Sigmund.
Aim: Sigmund, wielding a +1 scythe of protection and wearing a +0 robe (almost dead)
The flame tongue hits Sigmund.
You are feeling hungry.
Sigmund hits you from afar with a +1 scythe of protection!
Aim: Sigmund, wielding a +1 scythe of protection and wearing a +0 robe (almost dead)
The flame tongue misses Sigmund.
Sigmund closely misses you.
Aim: Sigmund, wielding a +1 scythe of protection and wearing a +0 robe (almost dead)
The flame tongue misses Sigmund.
Unknown command.
Sigmund hits you with a +1 scythe of protection.
* * * LOW HITPOINT WARNING * * *
You barely miss Sigmund. Sigmund gestures at you while chanting.
The magic dart hits you!
* * * LOW HITPOINT WARNING * * *
You hit Sigmund but do no damage. Sigmund casts a spell at you.
You are confused.
Sigmund misses you.
You hit Sigmund but do no damage.
Unknown command.
It was a potion of curing.
You feel better.
Sigmund hits you with a +1 scythe of protection!
* * * LOW HITPOINT WARNING * * *
You hit Sigmund but do no damage. Sigmund gestures at you while chanting.
You resist with some effort.
Unknown command.
You barely miss Sigmund. Sigmund closely misses you.
It was a potion of cancellation.
You feel magically purged.
Sigmund giggles. "Time to reap what you sow."
Sigmund hits you with a +1 scythe of protection!
You die...

#.#####.# ######.####.#.#
#....##.# #...........#.#
###.....# ###.#####.#####.#
##.......# #...#####.#####.###
#........###.####........#.#_#
####............##.......##[#.≈≈≈
...........#######.#.##.....#≈≈≈≈
###........#######.#..#...###≈≈.≈
#......(...##.@..##.#...# #≈≈≈≈
#..........##.@.....#.#.# #.≈≈≈
###..........##########.#..##....
#...#.#####÷....... #.#........
#.###.# #.####### ..##.#.....
#.###.# #.########### #.#.....
..#<#.# #.#.........# #.......
###.#.# #.#(#######.# ##....##
##..#.# #....# #.# #...##


You could see Sigmund.

Vanquished Creatures
  4 adders (D:2)
  An ooze (D:2)
  4 worms (D:2)
  3 dart slugs
  3 bats (D:1)
  7 hobgoblins
  A frilled lizard (D:1)
  A goblin (D:1)
  4 kobolds
  4 rats
32 creatures vanquished.

Notes
Turn   | Place    | Note
-------+----------+-------------------------------------------
     0 | D:1      | LostNumber the Demigod Fire Elementalist began the quest
                  | for the Orb.
     0 | D:1      | Reached XP level 1. HP: 14/14 MP: 5/5
   170 | D:1      | Reached skill level 1 in Conjurations
   275 | D:1      | Reached XP level 2. HP: 15/20 MP: 7/7
   315 | D:1      | Reached skill level 3 in Fire Magic
   730 | D:2      | Learned a level 2 spell: Throw Flame
   937 | D:2      | Reached XP level 3. HP: 18/27 MP: 8/8
  1156 | D:2      | Found a snail-covered altar of Cheibriados.
  1234 | D:2      | Learned a level 3 spell: Conjure Flame
  1385 | D:2      | Reached XP level 4. HP: 34/34 MP: 4/9
  1497 | D:2      | Noticed Sigmund
  1518 | D:2      | Mangled by Sigmund

Skill      XL: |  1  2  3 |
---------------+----------+-----
Conjurations   | 1 2 |  2.1
Fire Magic     | 3 |  3.4
Dodging        | 2 |  2.2
Spellcasting   | 2 |  2.1
Fighting       | |  0.9
Stealth        | |  1.7

Action                   |  1- 3 |  4- 6 || total
-------------------------+-------+-------++-------
Melee: Spear             |    65 |     5 ||    70
 Cast: Flame Tongue      |    52 |    11 ||    63
  Use: Potion            |       |     2 ||     2
 Stab: Sleeping          |     5 |       ||     5
  Eat: Chunk             |     2 |       ||     2
Armor: Robe              |    16 |       ||    16
Dodge: Dodged            |    61 |     6 ||    67
